 Dungeon Crawl Stone Soup version 0.31-a0-667-g39726597b9 (webtiles) character file.

Game seed: 16604833306219165827

423 Descartes the Ruffian (level 6, 0/61 HPs)
             Began as a Troll Shapeshifter on Sept 3, 2023.
             Slain by an orc
             ... wielding a +0 short sword
              (4 damage)
             ... on level 4 of the Dungeon.
             The game lasted 00:02:50 (2407 turns).

Descartes the Ruffian (Troll Shapeshifter)          Turns: 2407, Time: 00:02:51

Health: 0/61       AC:  4    Str: 25    XL:     6   Next: 63%
Magic:  5/5        EV:  9    Int:  6    God:
Gold:   197        SH:  0    Dex:  9    Spells: 5/5 levels left

rFire   . .          .
                       - Unarmed
rCold   . . .        (no shield)
rNeg    . . .        a - +0 animal skin
rPois   .            (helmet currently unavailable)
rElec   .            (cloak currently unavailable)
rCorr   .            (gloves unavailable)
SInv    .            (boots unavailable)
Will    .....        (no amulet)
Stlth   +            (no ring)
HPRegen 1.10/turn    (no ring)
MPRegen 0.09/turn

%: no passive effects
@: beast-form
A: beast (slay +2), large, unfitting armour, claws 3, regeneration 1, shaggy fur
1, tough skin 1
a: Begin Untransformation


You were on level 4 of the Dungeon.
You were a hulking beast.
You visited 1 branch of the dungeon, and saw 4 of its levels.

You collected 197 gold pieces.

Inventory:

Missiles
 o - 7 stones
Armour
 a - a +0 animal skin (worn)
Jewellery
 i - a +6 ring of intelligence
 A - a ring of ice
Talismans
 c - a beast talisman (active)
 d - a flux talisman
Wands
 v - a wand of flame (24)
Scrolls
 e - a scroll of blinking {unknown}
 f - 5 scrolls of silence {unknown}
 h - a scroll of enchant weapon {unknown}
 j - 2 scrolls of poison {unknown}
 k - 2 scrolls of fog {unknown}
 p - a scroll of amnesia {unknown}
 q - 2 scrolls of teleportation {unknown}
 t - a scroll of immolation {unknown}
 u - 2 scrolls of identify {unknown}
 y - a scroll of acquirement {unknown}
Potions
 b - a potion of lignification
 g - 2 potions of might {unknown}
 l - a potion of degeneration {unknown}
 m - a potion of brilliance {unknown}
 n - a potion of resistance {unknown}
 r - a potion of heal wounds {unknown}
 s - a potion of ambrosia {unknown}
 w - a potion of curing {unknown}
 x - a potion of haste {unknown}
 z - a potion of enlightenment {unknown}


   Skills:
 + Level 3.3 Fighting
 - Level 1.5 Dodging
 + Level 5.0 Unarmed Combat
 + Level 4.6 Shapeshifting


You had 5 spell levels left.
You didn't know any spells.
Your spell library contained the following spells:

 Spells                   Type           Power      Damage    Failure   Level
 Apportation              Tloc           0%         N/A       45%         1
 Necrotise                Necr           0%         1d4       45%         1
 Summon Small Mammal      Summ           0%         N/A       45%         1
 Scorch                   Fire           0%         2d5       58%         2
 Flame Wave               Conj/Fire      0%         2d4       99%         4
 Summon Cactus Giant      Summ           0%         N/A       100%        6


Dungeon Overview and Level Annotations

Branches:
Dungeon (4/15)
 Temple: D:4-7

Altars:

Annotations:
D:4 Dowan


Innate Abilities, Weirdness & Mutations

You are a hulking beast.
Your limbs bulge with bestial killing power. (Slay +2)
You are too large for most types of armour.
You have claws for hands.
Your natural rate of healing is unusually fast.
You are covered in fur. (AC +1)
You have tough skin. (AC +1)


Message History

The orc priest is heavily wounded.
The orc priest completely misses you.
The orc priest looks satisfied for a moment.
Dowan says, "How can I live without her?"
Unknown command.
You barely miss the orc priest.
The orc priest is heavily wounded.
Unknown command.
You scratch the orc priest but do no damage.
The orc priest hits you with a +0 club.
The orc priest calls down the wrath of Beogh upon you.
Beogh smites you! The orc hits you with a +0 short sword.
Dowan barely misses you.
You mangle the orc priest!!
You kill the orc priest!
Dowan hits you but does no damage.
The orc priest hits you but does no damage.
The orc hits you with a +0 short sword. Dowan hits you with a +0 dagger.
Your Unarmed Combat skill increases to level 5!
Unknown command.
You completely miss Dowan.
The orc priest hits you with a +2 dagger of holy wrath.
The orc closely misses you. Dowan hits you but does no damage.
The ball python barely misses you.
Unknown command.
You claw Dowan!
Dowan is heavily wounded.
Dowan hits you with a +0 dagger.
The orc priest hits you with a +2 dagger of holy wrath.
* * * LOW HITPOINT WARNING * * *
The orc hits you but does no damage.
The ball python bites you but does no damage.
Unknown command.
You completely miss the ball python. Dowan barely misses you.
The ball python bites you but does no damage.
The orc priest invokes the aid of Beogh against you.
Pain shoots through your body!
* * * LOW HITPOINT WARNING * * *
The orc hits you with a +0 short sword.
You die...

#.# #.# #.# #.# #.####
#.##.. ##############
#.##..
#...ohe......####.##.#
#.##o#S.##.#........##
#.#..##.#####...#.#
#.#..##.# #.......
#....##.# ##...#..
#..#.##.# ##.####
#.......# #.#
.....#### #.# #+#


You could see Dowan (fast), an orc priest, an orc and a ball python.

Vanquished Creatures
  Sigmund (D:3)
  Duvessa (D:4)
  An orc priest (D:4)
  Jessica (D:3)
  3 adders
  2 worms
  4 dart slugs
  5 bats
  9 endoplasms
  A giant cockroach (D:4)
  4 goblins
  6 hobgoblins
  4 jackals (D:1)
  4 quokkas
  11 ball pythons
  4 frilled lizards
  4 kobolds
  8 rats
73 creatures vanquished.

Notes
Turn   | Place    | Note
-------+----------+-------------------------------------------
     0 | D:1      | Descartes the Troll Shapeshifter began the quest for the
                  | Orb.
     0 | D:1      | Reached XP level 1. HP: 18/18 MP: 0/0
    24 | D:1      | Reached skill level 1 in Fighting
    32 | D:1      | Reached XP level 2. HP: 27/27 MP: 1/1
   421 | D:1      | Reached XP level 3. HP: 28/33 MP: 2/2
  1472 | D:3      | Reached XP level 4. HP: 42/42 MP: 3/3
  1530 | D:3      | Noticed Sigmund
  1542 | D:3      | Killed Sigmund
  1543 | D:3      | Reached skill level 4 in Unarmed Combat
  1543 | D:3      | Reached XP level 5. HP: 28/52 MP: 4/4
  1772 | D:3      | Noticed Jessica
  1783 | D:3      | Killed Jessica
  1784 | D:3      | Reached XP level 6. HP: 58/59 MP: 5/5
  2392 | D:4      | Noticed Duvessa
  2392 | D:4      | Noticed Dowan
  2400 | D:4      | Killed Duvessa
  2405 | D:4      | Reached skill level 5 in Unarmed Combat
  2407 | D:4      | Slain by an orc

Illustrated notes

Levels and vault maps discovered:
D:1:      shiori_arrival_maze, layout_loops_ring, serial_forest,
          infiniplex_forest_end_double, infiniplex_forest_clump_double,
          infiniplex_forest_lined_3_way, infiniplex_forest_clump_tiny,
          infiniplex_forest_straight_1, infiniplex_forest_lined_3_way,
          minmay_close_crescents
D:2:      layout_basic, minmay_tetromino_s2
D:3:      layout_loops_ring, uniq_jessica, uniq_sigmund
D:4:      layout_loops_corners, minmay_temple_entry_statues_fountains,
          uniq_duvessa

Skill      XL: |  1  2  3  4  5  6 |
---------------+-------------------+-----
Fighting       | 1 2 3 |  3.3
Unarmed Combat | 4 5 |  5.0
Shapeshifting  | 4 |  4.6
Dodging        | |  1.5

Action                     |  1- 3 |  4- 6 || total
---------------------------+-------+-------++-------
  Melee: Unarmed           |   113 |    65 ||   178
         Punch             |       |     1 ||     1
   Stab: Sleeping          |     1 |     1 ||     2
 Armour: Animal skin       |    70 |    52 ||   122
  Dodge: Dodged            |    61 |    26 ||    87

Table legend: (Time is in decaauts)
 A = Elapsed time spent in this place.
 B = Non-inter-level travel time spent in this place.
 C = Inter-level travel time spent in this place.
 D = Time resting spent in this place.
 E = Time spent auto-exploring this place.
 F = Levels seen in this place.
 G = Mean time per level.
                   A        B        C        D        E       F      G
               +--------+--------+--------+--------+--------+-----+--------+
         Total |   2394 |   2316 |     78 |      0 |   1904 |   4 |  598.5 |
       Dungeon |   2394 |   2316 |     78 |      0 |   1904 |   4 |  598.5 |
               +--------+--------+--------+--------+--------+-----+--------+

Top non-repeatable levels by time:
     D:2: 763 daAuts
     D:3: 711 daAuts
     D:1: 683 daAuts
     D:4: 235 daAuts
